 Dungeon Crawl Stone Soup version 0.29.1-1-gd02db6906a (webtiles) character file.

Game seed: 16282195811056510947

97833 Inkqbe the Spry (level 15, -2/97 HPs)
             Began as a Felid Summoner on Oct 8, 2022.
             Was an Initiate of Gozag.
             Slain by a salamander
             ... wielding a +3 trident of pain
              (7 damage)
             ... on level 3 of the Snake Pit on Oct 10, 2022.
             The game lasted 04:17:07 (55308 turns).

Inkqbe the Spry (Felid Summoner)                   Turns: 55308, Time: 04:17:07

Health: -2/97      AC: 31    Str:  4    XL:     15   Next: 36%
Magic:  31/31      EV: 29    Int: 30    God:    Gozag
Gold:   1387       SH:  0    Dex: 16    Spells: 4/37 levels left
                                        Lives:  0   Deaths: 3

rFire   + . .      SeeInvis +     - Unarmed
rCold   + . .      Faith    .   (shield unavailable)
rNeg    + . .      Spirit   .   (body armour unavailable)
rPois   ∞          Reflect  .   (helmet unavailable)
rElec   +          Harm     .   (cloak unavailable)
rCorr   +          Rampage  .   (gloves unavailable)
Will    +++..                   (boots unavailable)
Stlth   ++........              h - amulet of magic regeneration
HPRegen 0.26/turn               a - ring "Voatet" {Will+ AC+4 Int+5}
MPRegen 0.62/turn               B - ring of wizardry

@: mighty, swift, statue-form (expiring), resistant, slow
A: slow and powerful, torment resistance 1, boosted hp, very small, claws 1,
fangs 3, see invisible, (speed 1), (shaggy fur 3), stealthy paws, no weapons or
thrown items, no armour, multi-lived
}: 1/15 runes: decaying
a: End Transformation, Renounce Religion, Potion Petition, Call Merchant, Bribe
Branch


You were on level 3 of the Snake Pit.
You worshipped Gozag.
Gozag was most pleased with you.
You were a living statue of rough stone.
You visited 6 branches of the dungeon, and saw 28 of its levels.

You collected 9253 gold pieces.
You spent 3931 gold pieces at shops.
You paid 3935 gold pieces to Gozag.

Inventory:

Missiles
 g - 110 stones
Jewellery
 a - the ring "Voatet" (left paw) {Will+ AC+4 Int+5}
   (You bought it in a shop on level 2 of the Snake Pit)

   [ring of protection]

   AC:        It affects your AC (+4).
   Int:       It affects your intelligence (+5).
   Will:      It increases your willpower.
 e - a +4 ring of protection
 h - an amulet of magic regeneration (around neck)
 i - a +4 ring of evasion
 n - a ring of resist corrosion
 q - a ring of ice
 y - the amulet of Egalitarianism {Acrobat Rampage rF+ rC+ Str-4}
   (You bought it in a shop on level 2 of the Snake Pit)

   [amulet of the acrobat]

   It increases your evasion while moving and waiting.
   Str:       It affects your strength (-4).
   rF:        It protects you from fire.
   rC:        It protects you from cold.
   Rampage:   It bestows one free step when moving towards enemies.
 A - a ring of poison resistance
 B - a ring of wizardry (right paw)
 K - a ring of ice
 L - a ring of flight
 P - an amulet of the acrobat
Wands
 m - a wand of charming (17)
 s - a wand of flame (16)
 t - a wand of digging (16)
 u - a wand of polymorph (5)
 C - a wand of quicksilver (2)
 D - a wand of mindburst (18)
 I - a wand of roots (3)
Scrolls
 d - 2 scrolls of poison
 f - 2 scrolls of teleportation
 j - a scroll of fear
 p - 3 scrolls of immolation
 v - 2 scrolls of magic mapping
 w - 6 scrolls of identify
 x - a scroll of amnesia
 z - a scroll of vulnerability
 E - a scroll of blinking
 H - a scroll of butterflies
 M - 2 scrolls of silence
Potions
 b - 4 potions of flight
 c - 7 potions of curing
 k - 4 potions of brilliance
 l - 3 potions of might
 o - a potion of invisibility
 r - a potion of lignification
 F - 4 potions of haste
 G - a potion of cancellation
 N - 2 potions of berserk rage
 O - 2 potions of resistance


   Skills:
 + Level 13.9 Fighting
 + Level 18.0 Dodging
 - Level 2.6 Stealth
 + Level 6.2 Unarmed Combat
 - Level 11.5 Spellcasting
 - Level 5.0 Hexes
 + Level 12.5 Summonings
 + Level 14.9 Translocations
 - Level 12.0 Transmutations
 - Level 7.0 Air Magic
 - Level 7.0 Earth Magic


You had 4 spell levels left.
You knew the following spells:

 Your Spells              Type           Power      Damage    Failure   Level
a - Manifold Assault      Tloc           82%        N/A       1%          5
b - Call Imp              Summ           75%        N/A       1%          2
c - Call Canine Familiar  Summ           75%        N/A       1%          3
d - Summon Guardian Gole  Hex/Summ       63%        N/A       1%          3
e - Summon Lightning Spi  Summ/Air       66%        N/A       1%          4
f - Blink                 Tloc           100%       N/A       0%          2
g - Statue Form           Tmut/Erth      43%        N/A       4%          6
h - Summon Forest         Summ/Tloc      39%        N/A       1%          5
i - Swiftness             Air            56%        N/A       1%          3

Your spell library contained the following spells:

 Spells                   Type           Power      Damage    Failure   Level
 Apportation              Tloc           100%       N/A       0%          1
 Summon Small Mammal      Summ           100%       N/A       0%          1
 Gell's Gravitas          Tloc           82%        N/A       0%          3
 Lesser Beckoning         Tloc           82%        N/A       0%          3
 Teleport Other           Tloc           82%        N/A       0%          3
 Necrotise                Necr           68%        1d7       1%          1
 Sandblast                Erth           100%       2d20      1%          1
 Shock                    Conj/Air       100%       1d9       1%          1
 Passwall                 Tmut/Erth      54%        N/A       1%          2
 Dazzling Flash           Conj/Hex       64%        N/A       1%          3
 Ignite Poison            Fire/Tmut/Pois 41%        N/A       1%          3
 Mephitic Cloud           Conj/Pois/Air  31%        N/A       1%          3
 Stone Arrow              Conj/Erth      76%        3d11      1%          3
 Airstrike                Air            28%        2d(4-20)  1%          4
 Cause Fear               Hex            23%        N/A       1%          4
 Iskenderun's Mystic Bla  Conj/Tloc      58%        2d12      1%          4
 Petrify                  Tmut/Erth      65%        N/A       1%          4
 Conjure Flame            Conj/Fire      17%        6-21      3%          3
 Anguish                  Hex/Necr       16%        N/A       4%          4
 Sticky Flame             Conj/Fire      17%        2d4       12%         4
 Dispersal                Tloc           41%        N/A       1%          6
 Alistair's Intoxication  Tmut/Pois      34%        N/A       2%          5
 Summon Hydra             Summ           37%        N/A       6%          7
 Dragon Form              Tmut           36%        N/A       8%          7
 Borgnjor's Vile Clutch   Necr/Erth      19%        N/A       9%          5
 Metabolic Englaciation   Hex/Ice        16%        N/A       12%         5
 Freezing Cloud           Conj/Ice/Air   15%        6-21      13%         5
 Eringya's Noxious Bog    Tmut/Pois      26%        N/A       16%         6
 Enfeeble                 Hex            23%        N/A       75%         7
 Death Channel            Necr           8%         N/A       86%         6
 Starburst                Conj/Fire      8%         6d4       86%         6
 Dragon's Call            Summ           37%        N/A       99%         9
 Lehudib's Crystal Spear  Conj/Erth      19%        10d6      100%        8
 Animate Armour           Summ/Erth      Unusable   N/A       N/A         4
 Animate Dead             Necr           Unusable   N/A       N/A         4

Dungeon Overview and Level Annotations

Branches:
Dungeon (13/15)            Temple (1/1) D:5            Lair (5/5) D:10
  Swamp (4/4) Lair:2        Snake (3/4) Lair:3        Slime (0/5) Lair:5
    Orc (2/2) D:11            Elf (0/3) Orc:2
 Vaults: D:13-14

Altars:
Ashenzari
Cheibriados
Dithmenos
Elyvilon
Fedhas
Gozag
Hepliaklqana
Kikubaaqudgha
Makhleb
Nemelex Xobeh
Okawaru
Qazlal
Ru
Sif Muna
Trog
Uskayaw
Vehumet
Wu Jian
Xom
Yredelemnul
Zin
The Shining One
Jiyva

Shops:
D:10 *!   D:11 (   Orc:2 =:*[(   Lair:2 :!   Snake:2 =

Annotations:
D:12 Erolcha
Lair:3 exclusion: oklob plant
Lair:5 exclusion: obsidian statue
Swamp:4 2 transporters, sentinel's ghost, journeyman MeEE
Snake:2 Vashnia


Innate Abilities, Weirdness & Mutations

You are a living statue of rough stone.
Your actions are slow, but your melee attacks are powerful.
You are resistant to unholy torment.
Your maximum health is greatly increased.
You are immune to poison.
You have sharp claws.
You have razor-sharp teeth.
You have supernaturally acute eyesight. (SInv)
((You cover ground quickly. (Speed+)))
((Your thick and shaggy fur keeps you warm. (AC +3, rC+)))
Your paws help you pounce on unaware monsters.
You are incapable of wielding weapons or throwing items.
You cannot wear armour.
You gain extra lives every three experience levels.


Message History

The anaconda grabs you. The anaconda bites you! The anaconda constricts you.
The anaconda misses you. The anaconda constricts you.
You escape the anaconda's grasp.
The anaconda attacks as you move away! The anaconda barely misses you.
The anaconda completely misses you. The anaconda attacks as you move away!
The anaconda completely misses you. The anaconda closely misses you.
The anaconda grabs you. The anaconda barely misses you.
The anaconda constricts you.
The anaconda's grasp on you weakens, but your attempt to escape fails.
The anaconda bites you.
* * * LOW HITPOINT WARNING * * *
The anaconda constricts you. The black mamba completely misses you.
The anaconda closely misses you. The anaconda constricts you.
* * * LOW HITPOINT WARNING * * *
The black mamba completely misses you. The anaconda closely misses you.
The anaconda constricts you.
As you read the scroll of teleportation, it crumbles to dust.
You feel strangely unstable. The black mamba completely misses you.
The anaconda misses you. The anaconda constricts you.
* * * LOW HITPOINT WARNING * * *
The black mamba completely misses you. The anaconda bites you.
* * * LOW HITPOINT WARNING * * *
The anaconda constricts you. The black mamba completely misses you.
You escape the anaconda's grasp.
The anaconda attacks as you move away! The anaconda completely misses you.
The anaconda bites you.
* * * LOW HITPOINT WARNING * * *
The black mamba attacks as you move away!
The black mamba completely misses you.
Your transformation is almost over.
The anaconda completely misses you. The anaconda closely misses you.
The black mamba attacks as you move away!
The black mamba misses you.
Your surroundings suddenly seem different.
A salamander, a guardian serpent, a naga and a black mamba come into view.
The salamander is wielding a +3 trident of pain.
Found a ring mail.
The salamander hits you with a +3 trident of pain!
* * * LOW HITPOINT WARNING * * *
You are engulfed in flames!
You resist.
You die...
Your body crumbles into a pile of gold.

######
#.8..#
#.N..#
......#
..[....NS.
###...###...
.... ...#
.S... .... #
#..... ###.
# #. ###


You could see a salamander, a guardian serpent (asleep), a black mamba (asleep)
and a naga (asleep).

Vanquished Creatures
  A swamp dragon (Swamp:4)
  A salamander (Snake:2)
  An orc sorcerer (Swamp:4)
  2 black mambas
  A guardian serpent (Snake:2)
  A naga mage (Snake:1)
  A hellwing (Swamp:4)
  2 nagas (Snake:2)
  A vampire mosquito (Swamp:4)
11 creatures vanquished.

Vanquished Creatures (collateral kills)
  4 tentacled monstrosities
  A thorn hunter (Swamp:4)
  3 fenstrider witches (Swamp:4)
  An orc warlord (Orc:2)
  A ghoul (Swamp:2)
  A reaper (Swamp:4)
  Nessos (Lair:4)
  4 eleionomae
  A dire elephant (Lair:5)
  5 bunyips
  A green death (Swamp:4)
  A shambling mangrove (Swamp:3)
  Fannar (D:12)
  Harold (Lair:1)
  A rakshasa (D:11)
  10 hydras
  A salamander tyrant (Snake:2)
  2 anacondas (Snake:1)
  2 ghost crabs (Swamp:4)
  9 alligators
  Erica (Lair:2)
  5 ogre magi (Swamp:4)
  3 two-headed ogres
  A catoblepas (Lair:4)
  A naga warrior (Snake:2)
  4 death yaks
  3 naga sharpshooters (Snake:2)
  5 orc high priests (Orc:2)
  Urug (Lair:3)
  6 spriggans
  Amaemon (Lair:2)
  Nergalle (D:11)
  3 salamander mystics (Snake:2)
  2 skeletal warriors (D:12)
  3 goliath frogs
  3 spriggan druids
  A death drake (Swamp:4)
  3 bog bodies
  A naga ritualist (Snake:1)
  4 swamp dragons
  A wizard (Swamp:4)
  4 orc knights (Orc:2)
  2 ugly things (D:10)
  A deep elf pyromancer (D:10)
  13 salamanders
  2 necromancers (Lair:5)
  6 orc sorcerers
  6 will-o-the-wisps
  An oklob plant (Lair:1)
  3 cyclopes
  2 manticores
  2 mana vipers
  A dire elephant zombie (Lair:5)
  A spectral spriggan (Swamp:1)
  21 elephants
  21 black mambas
  A guardian serpent (Snake:2)
  13 cane toads
  3 dire elephant skeletons (Lair:5)
  4 orange demons
  4 rime drakes
  2 freezing wraiths (D:10)
  4 komodo dragons
  2 hellwings (Swamp:4)
  9 tyrant leeches
  2 polar bears
  2 trolls
  11 hornets
  Grinder (D:3)
  A slime creature (Lair:4)
  20 blink frogs
  Prince Ribbit (Lair:2)
  8 dream sheep (Lair:5)
  A wraith (D:11)
  38 yaks
  A wyvern (D:9)
  2 basilisks
  2 chaos spawn (Swamp:4)
  3 neqoxecs (Swamp:4)
  6 vampire mosquitoes
  A death yak simulacrum (Lair:5)
  A spectral cane toad (Lair:5)
  5 wargs
  15 swamp worms
  10 nagas
  18 water moccasins
  3 swamp drakes
  An ice beast (D:6)
  A sky beast (D:7)
  25 orc warriors
  2 black bears (D:5)
  7 centaurs
  3 ogres
  An elephant zombie (Lair:5)
  13 wolves
  A boggart (D:10)
  An elephant skeleton (Lair:5)
  A phantom (D:4)
  8 bullfrogs
  A kobold brigand (D:8)
  4 necrophages
  2 cane toad simulacra (Lair:5)
  4 wights
  10 killer bees
  A nameless horror (D:10)
  4 howler monkeys
  2 jellies (Lair:5)
  A hound (D:6)
  28 orc priests
  A gnoll bouda (D:4)
  An iguana (D:5)
  24 orc wizards
  Natasha (twice) (D:4)
  Robin (D:4)
  9 gnolls
  6 adders
  7 river rats (D:6)
  A shadow imp (D:8)
  A white imp (D:6)
  4 worms
  3 dart slugs
  70 orcs
  A bat (D:2)
  4 endoplasms
  5 giant cockroaches
  13 goblins
  11 hobgoblins
  4 jackals (D:1)
  7 quokkas
  7 ball pythons
  A frilled lizard (D:1)
  10 kobolds
  23 rats
  6 briar patches (Swamp:4)
  A bush (Lair:3)
728 creatures vanquished.

Vanquished Creatures (others)
  Gastronok (D:8)
  A fenstrider witch (Swamp:4)
  2 ghouls
  A dire elephant (Lair:5)
  3 hydras
  4 anacondas
  A spriggan air mage (Swamp:4)
  An ogre mage (Swamp:4)
  2 centaur warriors (D:10)
  2 naga warriors (Snake:2)
  4 alligators
  2 death yaks
  2 shock serpents (Snake:2)
  A naga sharpshooter (Snake:2)
  A soul eater (Swamp:4)
  2 skeletal warriors (D:12)
  3 spriggans
  A spectral anaconda (Lair:5)
  A goliath frog (Swamp:4)
  A wizard (Swamp:4)
  2 necromancers (Lair:5)
  An orc knight (Orc:2)
  A mana viper (Snake:2)
  A will-o-the-wisp (Swamp:2)
  2 elephants (Lair:5)
  A cyclops (D:11)
  6 black mambas
  A guardian serpent (Snake:2)
  A cane toad (Lair:2)
  A spectral spriggan (Swamp:1)
  A torpor snail (Lair:2)
  A komodo dragon (Lair:5)
  A meliai (D:10)
  4 bloated husks
  A troll (D:12)
  5 tyrant leeches
  A hornet (Swamp:1)
  A dream sheep (Lair:5)
  A slime creature (Lair:4)
  2 wraiths
  8 yaks
  A wyvern (D:8)
  2 swamp worms (Swamp:4)
  2 vampire mosquitoes (Swamp:1)
  An acid dragon (D:5)
  3 water moccasins
  A swamp drake (Swamp:4)
  6 orc warriors
  A black bear (D:6)
  4 ogres
  A centaur (D:5)
  Blork the orc (D:4)
  A bullfrog (Lair:2)
  A necrophage (D:6)
  4 wights (D:8)
  A killer bee (D:7)
  An electric eel (D:11)
  A jelly (D:5)
  A gnoll bouda (D:5)
  A hound (D:5)
  2 orc priests
  Natasha (D:4)
  5 gnolls
  A river rat (D:6)
  An ufetubus (D:5)
  5 orcs
  62 foxfires
  66 fungi
  84 plants
  24 snaplasher vines
  42 withered plants (Lair:5)
406 creatures vanquished.

Grand Total: 1145 creatures vanquished

Notes
Turn   | Place    | Note
-------+----------+-------------------------------------------
     0 | D:1      | Inkqbe the Felid Summoner began the quest for the Orb.
     0 | D:1      | Reached XP level 1. HP: 7/7 MP: 4/4
   261 | D:1      | Reached XP level 2. HP: 11/11 MP: 1/6
   310 | D:1      | Learned a level 2 spell: Call Imp
  1214 | D:1      | Reached XP level 3. HP: 14/14 MP: 5/8
  1240 | D:1      | Learned a level 3 spell: Call Canine Familiar
  1368 | D:1      | Found a faded altar of an unknown god.
  2766 | D:2      | Reached XP level 4. HP: 18/18 MP: 6/9
  2791 | D:2      | Reached skill level 5 in Summonings
  3949 | D:3      | Reached XP level 5. HP: 21/21 MP: 9/11
  4118 | D:3      | Noticed Grinder
  4488 | D:3      | Killed Grinder
  4489 | D:3      | Gained mutation: You are covered in thick fur. (AC +2)
                  | [Felid growth]
  4489 | D:3      | Reached XP level 6. HP: 21/24 MP: 10/13
  4522 | D:3      | Learned a level 3 spell: Summon Guardian Golem
  4527 | D:3      | Learned a level 4 spell: Summon Lightning Spire
  4896 | D:4      | Noticed Blork the orc
  4974 | D:4      | Reached skill level 1 in Hexes
  5146 | D:4      | Noticed Robin
  5313 | D:4      | Reached skill level 3 in Dodging
  5400 | D:4      | Noticed Natasha
  5404 | D:4      | Reached skill level 1 in Fighting
  5409 | D:4      | Killed Natasha
  5561 | D:4      | Killed Robin
  5562 | D:4      | Reached XP level 7. HP: 28/28 MP: 15/15
  6285 | D:4      | Killed Blork the orc
  6286 | D:4      | Reached skill level 5 in Spellcasting
  6354 | D:4      | Noticed Natasha
  6398 | D:4      | Killed Natasha
  6708 | D:4      | Noticed Natasha
  6723 | D:4      | Killed Natasha
  6724 | D:4      | Reached skill level 4 in Dodging
  7018 | D:4      | Identified the +1 cloak of Biamoaq {+Inv rElec}
  7430 | D:4      | Found a shadowy altar of Dithmenos.
  7430 | D:4      | Noticed a shadow
  7433 | D:4      | Found a hazy altar of Hepliaklqana.
  7578 | D:5      | Entered Level 5 of the Dungeon
  8043 | D:5      | HP: 1/30 [poisoned by a water moccasin]
  8071 | D:5      | Reached XP level 8. HP: 9/34 MP: 14/17
  8540 | D:5      | Reached skill level 5 in Dodging
  9310 | D:5      | Found a staircase to the Ecumenical Temple.
  9474 | Temple   | Entered the Ecumenical Temple
  9576 | Temple   | Became a worshipper of Gozag Ym Sagoz the Greedy
  9659 | D:5      | Reached skill level 5 in Hexes
  9856 | D:5      | Reached skill level 6 in Dodging
 10587 | D:6      | Reached XP level 9. HP: 39/39 MP: 19/19
 10656 | D:6      | Learned a level 2 spell: Blink
 10841 | D:6      | Reached skill level 1 in Air Magic
 11078 | D:6      | Reached skill level 1 in Translocations
 12215 | D:6      | Identified the +7 whip of Pride {protect, *Noise Int+10
                  | Dex-4}
 12836 | D:7      | Reached skill level 7 in Dodging
 13818 | D:8      | Reached skill level 5 in Fighting
 14369 | D:8      | Noticed a two-headed ogre
 14454 | D:8      | Noticed Gastronok
 15030 | D:8      | Killed a two-headed ogre
 15031 | D:8      | Reached skill level 8 in Dodging
 15031 | D:8      | Reached XP level 10. HP: 44/44 MP: 9/21
 16736 | D:8      | Killed Gastronok
 16737 | D:8      | Reached skill level 5 in Translocations
 16849 | D:9      | Reached skill level 9 in Dodging
 17097 | D:9      | Found a sparkling altar of Nemelex Xobeh.
 17528 | D:9      | Reached XP level 11. HP: 49/49 MP: 18/23
 17712 | D:9      | Found a stormy altar of Qazlal.
 17742 | D:10     | Entered Level 10 of the Dungeon
 18288 | D:10     | Reached skill level 5 in Air Magic
 18416 | D:10     | Found a staircase to the Lair.
 18536 | D:10     | Noticed a two-headed ogre
 18556 | D:10     | Killed a two-headed ogre
 18557 | D:10     | Reached skill level 10 in Dodging
 18594 | D:10     | Noticed a deep elf pyromancer
 18605 | D:10     | Killed a deep elf pyromancer
 18651 | D:10     | Found Xivus's Distillery.
 18745 | D:10     | Noticed a centaur warrior
 18746 | D:10     | Noticed a centaur warrior
 18759 | D:10     | Killed a centaur warrior
 18760 | D:10     | Reached skill level 10 in Summonings
 18776 | D:10     | Killed a centaur warrior
 19087 | D:10     | Found Hethrecoe's General Store.
 19093 | D:10     | Bought a book of Sloth for 468 gold pieces
 19100 | D:10     | Learned a level 6 spell: Statue Form
 19319 | D:10     | Noticed a purple ugly thing
 19323 | D:10     | Noticed a green ugly thing
 19333 | D:10     | Killed a purple ugly thing
 19347 | D:10     | Reached skill level 1 in Transmutations
 19347 | D:10     | Killed a green ugly thing
 19348 | D:10     | Reached skill level 1 in Earth Magic
 19348 | D:10     | Identified the +3 rapier of Courage {pain, rElec Str+6}
 19348 | D:10     | Identified the +5 ring mail of the Chupacabra {Str+3}
 20140 | D:11     | Noticed Nergalle
 20144 | D:11     | Noticed a rakshasa
 20158 | D:11     | Killed Nergalle
 20158 | D:11     | Killed a rakshasa
 20302 | D:11     | Found Berifim's Antique Weapon Shop.
 20498 | D:11     | HP: 2/51 [themself] (10)]
 21114 | D:11     | Reached skill level 11 in Dodging
 21174 | D:11     | You fall into a shaft and drop 2 floors!
 21239 | D:11     | Gained mutation: Your thick and shaggy fur keeps you warm.
                  | (AC +3, rC+) [Felid growth]
 21239 | D:11     | Reached XP level 12. HP: 40/55 MP: 15/25
 21728 | D:11     | Found a staircase to the Orcish Mines.
 22235 | Lair:1   | Entered Level 1 of the Lair of Beasts
 22489 | Lair:1   | Noticed Harold
 22496 | Lair:1   | Killed Harold
 22706 | Lair:1   | You fall into a shaft and drop 1 floor!
 22706 | Lair:2   | Noticed a death yak
 22733 | Lair:2   | Found a staircase to the Swamp.
 22742 | Lair:2   | Killed from afar by a will-o-the-wisp
 22743 | Lair:2   | Reached XP level 11. HP: -14/52 MP: 17/25
 23092 | Lair:1   | Found a blossoming altar of Fedhas.
 23115 | Lair:1   | Noticed an oklob plant
 23331 | Lair:1   | Killed an oklob plant
 23428 | Lair:2   | Noticed a five-headed hydra
 23437 | Lair:2   | Killed a five-headed hydra
 23666 | Lair:2   | Noticed Prince Ribbit
 23725 | Lair:2   | Killed Prince Ribbit
 23729 | Lair:2   | Reached skill level 12 in Dodging
 23742 | Lair:2   | Reached skill level 5 in Transmutations
 23757 | Lair:2   | Reached XP level 12. HP: 50/57 MP: 22/26
 23941 | Lair:2   | Noticed a six-headed hydra
 23953 | Lair:2   | Killed a six-headed hydra
 24162 | Lair:2   | Noticed Erica
 24177 | Lair:2   | Killed Erica
 24973 | Lair:2   | Noticed Amaemon
 24983 | Lair:2   | Killed Amaemon
 24984 | Lair:2   | Reached skill level 10 in Spellcasting
 25234 | Lair:2   | Reached skill level 5 in Earth Magic
 25249 | Lair:2   | Killed a death yak
 25436 | Lair:2   | Identified the +1 pair of gloves of the Fisher {rC+}
 25870 | Lair:2   | Bought a potion of haste for 120 gold pieces
 25870 | Lair:2   | Bought a potion of haste for 120 gold pieces
 25872 | Lair:2   | Bought a Fen Folio for 588 gold pieces
 25879 | Lair:2   | Learned a level 5 spell: Summon Forest
 25922 | Lair:2   | Learned a level 3 spell: Swiftness
 26024 | Lair:3   | Noticed a four-headed hydra
 26035 | Lair:3   | Killed a four-headed hydra
 26234 | Lair:3   | Found a staircase to the Snake Pit.
 26300 | Lair:3   | Reached skill level 13 in Dodging
 26640 | Lair:3   | Noticed Urug
 26653 | Lair:3   | Killed Urug
 26654 | Lair:3   | Reached XP level 13. HP: 31/61 MP: 19/28
 26924 | Lair:3   | Found a sparkling altar of Nemelex Xobeh.
 28006 | Lair:4   | Reached skill level 10 in Fighting
 28274 | Lair:4   | Noticed Nessos
 28279 | Lair:4   | Killed Nessos
 29088 | Lair:5   | Entered Level 5 of the Lair of Beasts
 30820 | Lair:5   | Found a viscous altar of Jiyva.
 30820 | Lair:5   | Found a staircase to the Slime Pits.
 30844 | Lair:5   | Reached skill level 14 in Dodging
 30953 | Lair:5   | Reached XP level 14. HP: 66/66 MP: 22/30
 31682 | Lair:5   | Identified the +4 trident of Untruth {vorpal, +Blink rN+
                  | Str+2}
 34645 | Lair:5   | HP: 1/64 [soul eater[an obsidian statue] (18)]
 35269 | Orc:1    | Entered Level 1 of the Orcish Mines
 36147 | Orc:2    | Entered Level 2 of the Orcish Mines
 36695 | Orc:2    | Found a staircase to the Elven Halls.
 36887 | Orc:2    | Reached skill level 10 in Translocations
 37767 | Orc:2    | Paralysed by an orc sorcerer for 4 turns
 37843 | Orc:2    | Reached skill level 15 in Dodging
 37959 | Orc:2    | Noticed an orc warlord
 37969 | Orc:2    | Killed an orc warlord
 38473 | Orc:2    | Learned a level 5 spell: Manifold Assault
 40126 | Orc:2    | Found Hotukhliw's Antique Armour Shoppe.
 40127 | Orc:2    | Found Lukkus's Antique Weapon Shoppe.
 40129 | Orc:2    | Found Zixir's General Store.
 40129 | Orc:2    | Found Josuitur's Jewellery Emporium.
 40145 | Orc:2    | Bought a potion of heal wounds for 60 gold pieces
 40299 | Orc:2    | Bought a book of the Dragon for 644 gold pieces
 40721 | D:12     | Noticed Fannar
 40740 | D:12     | Killed Fannar
 41306 | D:12     | Reached skill level 10 in Transmutations
 41850 | D:12     | Noticed Erolcha
 42054 | Swamp:1  | Entered Level 1 of the Swamp
 42533 | Swamp:1  | Reached XP level 15. HP: 55/72 MP: 26/31
 44181 | Swamp:1  | Identified the +1 robe of Dull Beauty {+Inv rN+ Dex-4}
 45772 | Swamp:2  | Reached skill level 16 in Dodging
 46185 | Swamp:2  | Identified the +2 leather armour of Erhacohu {rPois Str+4}
 47326 | Swamp:3  | Noticed a tentacled monstrosity
 47699 | Swamp:3  | Killed a tentacled monstrosity
 47706 | Swamp:3  | Reached skill level 1 in Unarmed Combat
 48359 | Swamp:4  | Entered Level 4 of the Swamp
 48662 | Swamp:4  | Noticed a tentacled monstrosity
 48971 | Swamp:4  | Killed a tentacled monstrosity
 49260 | Swamp:4  | Found a transporter.
 49455 | Swamp:4  | Found a transporter.
 49457 | Swamp:4  | Found a bloodstained altar of Trog.
 49471 | Swamp:4  | Noticed sentinel's ghost (journeyman MeEE)
 49561 | Swamp:4  | Reached XP level 16. HP: 77/77 MP: 23/32
 50070 | Swamp:4  | Noticed a tentacled monstrosity
 50094 | Swamp:4  | Killed a tentacled monstrosity
 50249 | Swamp:4  | Reached skill level 17 in Dodging
 50651 | Swamp:4  | Noticed a thorn hunter
 50657 | Swamp:4  | Killed a thorn hunter
 51128 | Swamp:4  | Got a decaying rune of Zot
 51199 | Swamp:4  | Noticed a tentacled monstrosity
 51211 | Swamp:4  | Killed a tentacled monstrosity
 51482 | Snake:1  | Entered Level 1 of the Snake Pit
 51971 | Snake:2  | Reached skill level 5 in Unarmed Combat
 51971 | Snake:2  | Noticed Vashnia
 52688 | Snake:2  | HP: 3/78 [salamander/+0 spear (18)]
 52688 | Snake:2  | Mangled by a salamander
 52689 | Snake:2  | Reached XP level 15. HP: -6/74 MP: 27/31
 52781 | Snake:2  | Identified the +1 robe "Tuptox" {Str+2 Stlth+ Archmagi}
 52804 | Snake:2  | Slain by a salamander
 52805 | Snake:2  | Reached XP level 14. HP: -3/70 MP: 21/30
 52866 | Snake:2  | Reached XP level 15. HP: 64/75 MP: 21/31
 53280 | Snake:2  | Bought the ring "Voatet" {Will+ AC+4 Int+5} for 1122 gold
                  | pieces
 53280 | Snake:2  | Bought the amulet of Egalitarianism {Acrobat Rampage rF+
                  | rC+ Str-4} for 809 gold pieces
 54575 | Snake:2  | Reached skill level 18 in Dodging
 55123 | Snake:3  | Noticed a nagaraja
 55308 | Snake:3  | Slain by a salamander

Illustrated notes

Levels and vault maps discovered:
D:1:      lemuel_arrival_room, layout_loops_ring,
          shapermc_ecumenical_altar_hornbeckon, minmay_misc_feat_square,
          serial_bayou_crossing
D:2:      layout_rooms, minmay_randomly_rotated_circles
D:3:      layout_basic, uniq_grinder
D:4:      layout_basic, riverfiend_overflow_shadow_ancestor,
          kennysheep_orc_chapel, uniq_natasha, uniq_robin, uniq_blork_the_orc
D:5:      layout_loops_ring, temple_green
D:6:      lemuel_ratsnest, layout_basic
D:7:      layout_rooms
D:8:      layout_rooms, corexii_checkpoint_a, uniq_gastronok
D:9:      layout_cave_pools, nemelex_xobeh_ov_fountains_minmay,
          kennysheep_little_box, roderic_serpentine_path, minmay_misc_feat_roman
D:10:     minmay_the_grid_four_pointed_star
          [minmay_the_grid_triangle_9x9_warning,
          minmay_the_grid_triangle_9x9_zippers_horizontal,
          minmay_the_grid_triangle_9x9_swiss_cheese,
          minmay_the_grid_triangle_9x9_corruption,
          minmay_the_grid_prize_shrinking_boxes], layout_basic,
          lair_entry_dummy, serial_shops, shop, nicolae_shop_trees
D:11:     layout_basic, orc_0_dummy, serial_shops, nicolae_take_the_stairs,
          uniq_nergalle
D:12:     layout_irregular_city, nicolae_hepliaklqana_hippocampus, uniq_erolcha,
          uniq_fannar
D:13:     layout_loops_ring, minmay_fractal_squares_diagonal_5
Temple:   mainiacjoe_temple_coin_purse
Lair:1:   layout_gridlike, tgw_fedhas, infiniplex_staircase_pool_2, uniq_harold
Lair:2:   nzn_winding_woodlands_cross [nzn_winding_woodlands_5x15_concentric,
          nzn_winding_woodlands_5x15_eye,
          nzn_winding_woodlands_5x15_pathside_ponds,
          nzn_winding_woodlands_5x15_garden,
          nzn_winding_woodlands_15x15_eel_pit], layout_long_grid,
          minmay_swamp_entry_wisps, lemuel_fruit_fields, uniq_prince_ribbit2,
          uniq_amaemon, uniq_erica
Lair:3:   layout_big_grid, minmay_snake_entry_six_corridors,
          lemuel_centaur_altar, uniq_urug
Lair:4:   layout_loops_ring, grunt_megastairs_5, uniq_nessos
Lair:5:   due_jungle_book, layout_gridlike, minmay_slime_entry_pillars,
          grunt_megastairs_3
Swamp:1:  nicolae_swamp_flooded_prison, layout_basic_swamp,
          nicolae_swamp_small_spring
Swamp:2:  layout_basic_swamp, evilmike_swamp_ruin_house_1
Swamp:3:  layout_basic_swamp, nicolae_swamp_orc_logging_accident
Swamp:4:  nzn_swamp_witches_coven, layout_basic_swamp,
          gammafunk_ghost_wrathful_warriors
Snake:1:  layout_onion_interference
Snake:2:  layout_rooms, uniq_vashnia
Snake:3:  layout_misc_corridors
Orc:1:    layout_caves, nicolae_orc_crystal_geode
Orc:2:    st_orc_congregation, layout_diamond_mine

Skill      XL: |  1  2  3  4  5  6  7  8  9 10 11 12 13 14 15 16 |
---------------+-------------------------------------------------+-----
Spellcasting   | 3 4 5 6 7 8 10 11 | 11.5
Summonings     | 5 6 7 8 9 10 11 12 | 12.5
Hexes          | 2 4 5 |  5.0
Dodging        | 3 4 6 8 9 12 13 14 15 18 17 | 18.0
Fighting       | 1 2 4 5 6 9 10 11 12 13 | 13.9
Air Magic      | 3 4 7 |  7.0
Translocations | 4 5 6 8 10 12 14 | 14.9
Transmutations | 5 6 8 10 11 12 | 12.0
Earth Magic    | 4 5 6 7 |  7.0
Unarmed Combat | 6 5 |  6.2
Stealth        | |  2.6

Action                   |  1- 3 |  4- 6 |  7- 9 | 10-12 | 13-15 | 16-18 || total
-------------------------+-------+-------+-------+-------+-------+-------++-------
Melee: Unarmed           |    11 |       |     2 |       |    35 |    65 ||   113
       Bite              |     2 |       |       |       |       |       ||     2
 Cast: Summon Small Mamm |    40 |    26 |    87 |    70 |       |       ||   223
       Call Imp          |    22 |    23 |    38 |    42 |     3 |       ||   128
       Call Canine Famil |     1 |    23 |    82 |   106 |   185 |    40 ||   437
       Summon Guardian G |       |       |    62 |    90 |   151 |    28 ||   331
       Blink             |       |       |     1 |     8 |    33 |     9 ||    51
       Summon Lightning  |       |       |       |   107 |   288 |    68 ||   463
       Summon Forest     |       |       |       |    13 |    78 |    13 ||   104
       Swiftness         |       |       |       |     1 |     8 |       ||     9
       Manifold Assault  |       |       |       |       |    23 |    35 ||    58
       Statue Form       |       |       |       |       |    41 |    23 ||    64
Invok: Call Merchant     |       |       |       |     2 |     2 |       ||     4
       Potion Petition   |       |       |       |       |     1 |     1 ||     2
  Use: Scroll            |     3 |     2 |    13 |    10 |    11 |     3 ||    42
       Potion            |       |       |     1 |     1 |     5 |     1 ||     8
Armor: Skin              |     1 |       |     2 |     1 |   113 |    45 ||   162
Dodge: Dodged            |    14 |     3 |    81 |   118 |   600 |   278 ||  1094
